Map: 2000 Atmospheres LE

Players

Asiown - Winner!

  • Race: Zerg Zerg
  • League: Diamond

A.I. 1 (Elite)

  • Race: Terran Terran

VOD

Have the link to the VOD?

Description

Time

  • Played on: July 1, 2021, 9:29 a.m.
  • Length: 4:49
Show
View Real Time Build Order
Export as new Build Order

Asiown Zerg - Winner!

Build Orders: Pool First 

Get SALT Encoding   

  12  0:00  Drone  
  13  0:12  Overlord  
  13  0:17  Drone  
  14  0:30  Drone x2  
  16  0:36  Drone  
  16  0:41  Extractor  
  16  0:48  Spawning Pool  
  15  0:50  Drone  
  15  0:56  Drone  
  17  1:19  Overlord  
  17  1:36  Hatchery  
  17  1:41  Hatchery  
  17  1:46  Roach Warren  
  16  1:49  Zergling x2  
  16  1:50  Zergling x4  
  16  1:51  Queen  
  21  1:56  Metabolic Boost  
  21  2:02  Drone  
  22  2:30  Overlord  
  22  2:31  Overlord  
  22  2:42  Hatchery  
  20  2:53  Zergling x2  
  20  2:54  Zergling x2  
  21  3:12  Roach x4  
  29  3:38  Ravager x2  
  31  3:42  Ravager  
  31  3:45  Zergling x6  
  31  3:46  Zergling x6  
  38  3:55  Overlord  
  36  4:00  Zergling x2  
  36  4:06  Zergling x2  
  37  4:12  Ravager  
  38  4:19  Zergling x10  
Show
View Real Time Build Order
Export as new Build Order

A.I. 1 (Elite) Terran 

Build Orders:  

Get SALT Encoding   

  12  0:00  SCV  
  13  0:13  SCV  
  14  0:18  Supply Depot  
  14  0:25  SCV  
  14  0:28  Refinery  
  15  0:39  SCV  
  16  0:47  Barracks  
  16  0:51  SCV  
  17  1:04  SCV  
  18  1:16  SCV  
  19  1:34  Marine  
  19  1:35  Supply Depot  
  19  1:37  Orbital Command, Factory  
  20  1:47  Barracks  
  20  1:52  Marine  
  21  2:02  SCV  
  21  2:05  Refinery  
  22  2:10  Marine  
  22  2:15  SCV  
  24  2:21  Factory Tech Lab, Supply Depot  
  24  2:27  SCV  
  24  2:28  Marine  
  26  2:33  Marine  
  26  2:46  Marine  
  26  2:49  Hellion  
  27  2:52  Barracks Tech Lab  
  26  3:04  Marine  
  25  3:10  Marine, Hellion  
  25  3:12  Concussive Shells  
  27  3:22  SCV  
  27  3:23  Barracks Tech Lab  
  28  3:28  Marauder  
  30  3:35  Supply Depot  
  30  3:40  SCV  
  33  3:41  Marauder  
  33  3:50  Marauder  
  33  3:53  Starport  
  32  3:56  SCV  
  32  4:02  Marine  
  34  4:11  Marine, SCV  
  36  4:20  Marine  
  36  4:23  SCV  
  38  4:28  Marine  
Tags
 
Add a new tag
Caveats
  • Supply blocks, unpowered buildings, or Contaminate may cause inaccurate times.
  • Supply counts are checked every 10 seconds.